 Dungeon Crawl Stone Soup version 0.28.0-53-g5a82cb258f (webtiles) character file.

Game seed: 1347656234299224563

121 SanguineChosen the Chopper (level 4, 0/37 HPs)
             Began as a Palentonga Fighter on June 16, 2022.
             Was an Initiate of Trog.
             Slain by Sigmund the bullfrog (1 damage)
             ... on level 3 of the Dungeon.
             The game lasted 00:23:02 (2777 turns).

SanguineChosen the Chopper (Palentonga Fighter)     Turns: 2777, Time: 00:23:03

Health: 0/37       AC:  7    Str: 21    XL:     4   Next: 77%
Magic:  4/4        EV:  7    Int:  8    God:    Trog [......]
Gold:   241        SH:  4    Dex: 10    Spells: 3/3 levels left

rFire   . . .      SeeInvis +   p - +1 long sword (vamp)
rCold   . . .      Faith    .   c - +0 buckler
rNeg    . . .      Spirit   .   b - +0 scale mail
rPois   .          Reflect  .   (no helmet)
rElec   .          Harm     .   l - +0 cloak
rCorr   .          Rampage  .   (no gloves)
Will    .....                   (no barding)
Stlth   ..........              (no amulet)
HPRegen 0.12/turn               (no ring)
MPRegen 0.09/turn               (no ring)

@: mighty
A: large, rugged brown scales 3, see invisible, deformed body, roll 1, armoured
tail
a: Rolling Charge, Renounce Religion


You were on level 3 of the Dungeon.
You worshipped Trog.
Trog was noncommittal.
You visited 1 branch of the dungeon, and saw 3 of its levels.

You collected 241 gold pieces.

Inventory:

Hand Weapons
 a - a +0 war axe
 j - a +4 quarterstaff of chaos
 p - a +1 vampiric long sword (weapon)
Armour
 b - a +0 scale mail (worn)
 c - a +0 buckler (worn)
 l - a +0 cloak (worn)
Wands
 m - a wand of iceblast (8)
 o - a wand of polymorph (8)
Scrolls
 e - a scroll of immolation {unknown}
 f - 2 scrolls of identify {unknown}
 g - a scroll of silence {unknown}
 i - a scroll of teleportation {unknown}
 q - a scroll of summoning {unknown}


   Skills:
 + Level 3.1 Fighting
 + Level 3.2 Axes
 + Level 0.1 Staves
 + Level 3.0 Armour
 + Level 1.3 Dodging
 + Level 2.9 Shields


You had 3 spell levels left.
You didn't know any spells.
Your spell library contained the following spells:

 Spells                   Type           Power      Damage    Failure   Level
 Shock                    Conj/Air       0%         1d3       82%         1
 Inner Flame              Hex/Fire       0%         N/A       99%         3
 Petrify                  Tmut/Erth      0%         N/A       100%        4
 Metabolic Englaciation   Hex/Ice        0%         N/A       100%        5
 Silence                  Hex/Air        0%         N/A       100%        5
 Summon Mana Viper        Hex/Summ       0%         N/A       100%        5
 Statue Form              Tmut/Erth      0%         N/A       100%        6


Dungeon Overview and Level Annotations

Branches:
Dungeon (3/15)

Altars:
Kikubaaqudgha
Trog

Annotations:
D:3 Sigmund


Innate Abilities, Weirdness & Mutations

You are completely covered in rugged brown scales. (AC +3, +7% HP)
You have supernaturally acute eyesight. (SInv)
Armour fits poorly on your strangely shaped body.
You can roll at nearby foes to attack.
You have a long armoured tail.


Message History

Sigmund releases a deep croak.
You are too injured to fight recklessly!
You slash the goblin!
You feel better.
You kill the goblin!
Trog accepts your kill.
You flicker for a moment.
Sigmund snags a nearby fly with its tongue.
Sigmund barely misses you.
You slash Sigmund!
You feel better.
Sigmund is severely wounded.
Sigmund snags a nearby baby bat with its tongue.
Sigmund hits you.
* * * LOW HITPOINT WARNING * * *
Sigmund hits you.
* * * LOW HITPOINT WARNING * * *
You block Sigmund's attack. Sigmund hits you but does no damage.
You flicker back into view.
Sigmund swells and bulges.
Sigmund hits you.
* * * LOW HITPOINT WARNING * * *
You barely miss Sigmund.
Sigmund is severely wounded.
Sigmund barely misses you.
Sigmund snags a nearby millipede with its tongue.
Sigmund hits you.
* * * LOW HITPOINT WARNING * * *
As you read the scroll labelled PUSTRAD YBUI, it crumbles to dust.
The scroll dissolves into smoke.
It was a scroll of fog.
You block Sigmund's attack. Sigmund hits you but does no damage.
Sigmund barely misses you. Sigmund barely misses you.
Sigmund snags a nearby spider with its tongue.
Sigmund hits you.
* * * LOW HITPOINT WARNING * * *
Sigmund barely misses you.
You barely miss Sigmund.
Sigmund is severely wounded.
Sigmund hits you.
You die...

#.# #.# #.# #..# #.# #.## #.#
#..# #.# #..# #.# #..# #.#
##.# #.# #..# #.# #.#######.#
#... ##.# #.........# #...
#§§# #.######..######
##§#####.# #..).....
#§§§§F@§.######.#####..
#§#####................ #§#
#.#.#####.#####.#
.######.#####.##.........##.#
......[.........#####.##.##.#
.######.###'###.# #.##.##.#
#.#.....#.#####.##.##.# #.#
#)#.....#.......##.##.# #.#
#.#.._..#.########.##.#


You could see Sigmund the bullfrog.

Vanquished Creatures
  Crazy Yiuf (D:2)
  Ijyb (D:3)
  A worm (D:2)
  2 endoplasms (D:1)
  17 goblins
  8 hobgoblins
  3 kobolds
  6 quokkas
  5 ball pythons
  3 bats (D:1)
  2 frilled lizards
  7 rats
56 creatures vanquished.

Vanquished Creatures (others)
  2 plants (D:1)
2 creatures vanquished.

Grand Total: 58 creatures vanquished

Notes
Turn   | Place    | Note
-------+----------+-------------------------------------------
     0 | D:1      | SanguineChosen the Palentonga Fighter began the quest for
                  | the Orb.
     0 | D:1      | Reached XP level 1. HP: 19/19 MP: 1/1
   134 | D:1      | Got the Incunabulum of Execration
   320 | D:1      | Reached XP level 2. HP: 20/25 MP: 2/2
   686 | D:1      | Found a faded altar of an unknown god.
   697 | D:1      | Got Plato's Papyrus of Battle Magic
  1047 | D:2      | Reached XP level 3. HP: 31/31 MP: 3/3
  1511 | D:2      | Found a runed translucent door.
  1512 | D:2      | Noticed Crazy Yiuf
  1608 | D:2      | Killed Crazy Yiuf
  1609 | D:2      | Reached XP level 4. HP: 22/37 MP: 4/4
  2275 | D:3      | Found a bloodstained altar of Trog.
  2307 | D:3      | Became a worshipper of Trog the Wrathful
  2425 | D:3      | Found an ancient bone altar of Kikubaaqudgha.
  2446 | D:3      | Noticed Ijyb
  2505 | D:3      | Killed Ijyb
  2506 | D:3      | Reached skill level 1 in Dodging
  2724 | D:3      | Noticed Sigmund
  2746 | D:3      | Noticed Sigmund
  2746 | D:3      | Sigmund changed into Sigmund the bullfrog
  2775 | D:3      | HP: 1/37 [Sigmund the bullfrog (3)]
  2777 | D:3      | Slain by Sigmund the bullfrog

Illustrated notes

Levels and vault maps discovered:
D:1:      wheals_arrival_linesprint, layout_loops_ring,
          shapermc_ecumenical_altar_rom_forum, hangedman_feature_mirror,
          minmay_crystal_room
D:2:      cheibrodos_greedy_goblins, layout_basic, uniq_crazy_yiuf_cottage
D:3:      layout_loops_ring, amcnicky_altar_gilded, lemuel_tele_altar,
          uniq_sigmund, uniq_ijyb

Skill      XL: |  1  2  3  4 |
---------------+-------------+-----
Axes           | 3 |  3.2
Armour         | 3 |  3.0
Dodging        | 1 |  1.3
Fighting       | |  3.1
Staves         | |  0.1
Shields        | |  2.9

Action                   |  1- 3 |  4- 6 || total
-------------------------+-------+-------++-------
Melee: War axe           |   100 |       ||   100
       Tailslap          |     7 |     3 ||    10
       Quarterstaff      |       |    20 ||    20
       Unarmed           |       |    20 ||    20
       Long sword        |       |    15 ||    15
 Abil: Rolling Charge    |    24 |    12 ||    36
Evoke: Wand              |       |     1 ||     1
  Use: Potion            |     2 |     4 ||     6
       Scroll            |       |     1 ||     1
Armor: Scale mail        |    54 |    14 ||    68
Dodge: Dodged            |    32 |    32 ||    64
Block: Buckler           |    15 |     8 ||    23
